 Dungeon Crawl Stone Soup version 0.31-a0-232-gb1c03b2570 (webtiles) character file.

Game seed: 11953135834351508758

49 qw the Shooter (level 3, -1/21 HPs)
             Began as a Gargoyle Hexslinger on July 6, 2023.
             Frozen to death by an endoplasm (4 damage)
             ... on level 2 of the Dungeon.
             The game lasted 00:00:31 (1468 turns).

qw the Shooter (Gargoyle Hexslinger)                Turns: 1468, Time: 00:00:32

Health: -1/21      AC: 10    Str: 11    XL:     3   Next: 77%
Magic:  4/4        EV: 10    Int: 13    God:
Gold:   104        SH:  0    Dex: 14    Spells: 3/4 levels left

rFire   . . .        Y - +1 sling
rCold   . . .        (no shield)
rNeg    + . .        f - +0 ring mail
rPois   inf          (no helmet)
rElec   +            (no cloak)
rCorr   .            i - +1 pair of gloves
SInv    .            (no boots)
Will    +....        (no amulet)
Stlth   +            e - ring of willpower
HPRegen 0.23/turn    (no ring)
MPRegen 0.09/turn

%: no passive effects
@: no status effects
A: sickness immunity, AC +3, negative energy resistance 1, electricity
resistance, torment resistance 1, petrification resistance
a: no special abilities


You were on level 2 of the Dungeon.
You visited 1 branch of the dungeon, and saw 3 of its levels.

You collected 104 gold pieces.


Innate Abilities, Weirdness & Mutations

You are immune to sickness and miasma.
Your stone body is resilient. (AC +3)
You are immune to poison.
You resist negative energy. (rN+)
You are resistant to electric shocks. (rElec)
You are resistant to unholy torment.
You are immune to petrification.


   Skills:
 - Level 2.2 Fighting
 - Level 3.4 Ranged Weapons
 + Level 0.0 Armour
 - Level 1.5 Dodging
 - Level 1.0 Spellcasting
 - Level 2.6 Hexes


You had 3 spell levels left.
You knew the following spells:

 Your Spells              Type           Power      Damage    Failure   Level
a - Slow                  Hex            28%        N/A       22%         1

Your spell library contained the following spells:

 Spells                   Type           Power      Damage    Failure   Level
 Inner Flame              Hex/Fire       4%         N/A       75%         3
 Portal Projectile        Hex/Tloc       8%         N/A       75%         3
 Cause Fear               Hex            3%         N/A       92%         4

Inventory:

Hand Weapons
 Y - a +1 sling (weapon)
Armour
 f - a +0 ring mail (worn)
 i - a +1 pair of gloves (worn)
Jewellery
 e - a ring of willpower (left hand)
Scrolls
 d - a scroll of identify
Potions
 a - a potion of might {unknown}
 g - a potion of brilliance {unknown}
 h - a potion of enlightenment {unknown}
 j - a potion of magic {unknown}

Dungeon Overview and Level Annotations

Branches:
Dungeon (3/15)

Altars:


Message History

The endoplasm freezes you.
You are frozen.
The hobgoblin hits you. The adder barely misses you.
The endoplasm hits you but does no damage.
The hobgoblin hits you but does no damage.
1462 ||| STAIRDANCE The adder barely misses you.
The endoplasm closely misses you.
The hobgoblin hits you but does no damage.
You climb upwards.
There is a stone staircase leading down here.
Enter note:
Enter note:
Enter note:
Enter note:
Enter note:
Enter note: You shoot a sling bullet.
The sling bullet closely misses the adder.
The adder bites you. The adder bites you but does no damage.
The endoplasm barely misses you. The hobgoblin hits you.
You shoot a sling bullet.
The sling bullet closely misses the adder.
The adder barely misses you. The hobgoblin barely misses you.
The endoplasm barely misses you. The adder bites you but does no damage.
You shoot a sling bullet. The sling bullet hits the adder.
The adder is moderately wounded.
The endoplasm hits you but does no damage.
The hobgoblin closely misses you. The adder bites you.
The endoplasm freezes you.
You are frozen.
The hobgoblin hits you but does no damage.
The adder barely misses you.
You shoot a sling bullet. The sling bullet misses the adder.
The adder bites you. The hobgoblin misses you. The endoplasm freezes you.
You are frozen.
You shoot a sling bullet. The sling bullet hits the adder!
You kill the adder!
The endoplasm freezes you.
You are frozen.
You die...

......# #.# #.## #.#.#.#
#######.#####.## #.#.#.#
#........##...## #(#.#.#
#........##.#### #.#.#.#
#............... #.#.#.#
#........####### ..#.#.#
#...........#
....#.######################.####
...............J@%...# #.....
.....###########g###.# #..###
.....## #.# #.# #.# ###....#
..#...#####.####.# #.# #......#
####.............# #.# #.##.#.#
..#####.########.###.# #.##.###
..+..................# #.##....
..#######.######.##### #.######
..# #.## #.####### #.......


You could see an endoplasm and a hobgoblin.

Vanquished Creatures
  3 adders (D:2)
  4 endoplasms
  3 giant cockroaches
  3 goblins (D:2)
  2 hobgoblins
  2 jackals (D:2)
  3 kobolds
  2 quokkas (D:1)
  4 ball pythons
  3 bats
29 creatures vanquished.

Notes
Turn   | Place    | Note
-------+----------+-------------------------------------------
     0 | D:1      | qw the Gargoyle Hexslinger began the quest for the Orb.
     0 | D:1      | Reached XP level 1. HP: 12/12 MP: 2/2
     0 | D:1      | 0 ||| qw: Version: 0.3-a-46-gb1f654a
     0 | D:1      | 0 ||| qw: Game counter: 2098
     0 | D:1      | 0 ||| qw: Melee chars always use a shield: true
     0 | D:1      | 0 ||| qw: God list: Okawaru
     0 | D:1      | 0 ||| qw: Allow faded altars: false
     0 | D:1      | 0 ||| qw: Do Orc after clearing Dungeon:15 true
     0 | D:1      | 0 ||| qw: Do second Lair branch before Depths: true
     0 | D:1      | 0 ||| qw: Lair rune preference: random
     0 | D:1      | 0 ||| qw: Goals: Normal
     0 | D:1      | 0 ||| PLANNING D:1-11
    70 | D:1      | Found a faded altar of an unknown god.
   108 | D:1      | Reached XP level 2. HP: 16/16 MP: 3/3
   444 | D:1      | Reached skill level 3 in Ranged Weapons
   652 | D:1      | 652 ||| UPGRADING to +0 ring mail.
   662 | D:1      | 662 ||| DROPPING +0 robe.
   663 | D:1      | 663 ||| READING scroll labelled KOIBOY FUICS.
   664 | D:1      | 664 ||| READING scroll labelled HIANIM IRIVO.
   667 | D:1      | 667 ||| DROPPING scroll of poison.
   862 | D:2      | Reached XP level 3. HP: 19/21 MP: 4/4
  1387 | D:2      | 1387 ||| UPGRADING to +0 pair of gloves.
  1392 | D:2      | 1392 ||| READING scroll of enchant armour.
  1392 | D:2      | 1392 ||| ENCHANTING +0 pair of gloves.
  1393 | D:2      | 1393 ||| UPGRADING to ring of willpower.
  1394 | D:2      | 1394 ||| READING scroll labelled WOD HOEPTUGOAF.
  1395 | D:2      | 1395 ||| READING scroll labelled ZUTHONL VAYL.
  1396 | D:2      | 1396 ||| READING 2 scrolls labelled LERHOFFI MADUT.
  1462 | D:3      | 1462 ||| STAIRDANCE
  1467 | D:2      | HP: 3/21 [frozen (3)]
  1468 | D:2      | Frozen to death by an endoplasm

Levels and vault maps discovered:
D:1:      roderic_dead_forest, layout_basic, ebering_ecumenical_altar_webs,
          chequers_serial_rivers_small_b
D:2:      layout_basic
D:3:      layout_rooms, mainiacjoe_overflow_24_doors, tso_altar,
          nemelex_diamond_rough_becter

Skill      XL: |  1  2 |
---------------+-------+-----
Ranged Weapons | 3 |  3.4
Fighting       | 2 |  2.2
Dodging        | |  1.5
Spellcasting   | |  1.0
Hexes          | |  2.6

Action                     || total
---------------------------++-------
   Fire: Sling             ||   119
    Use: Scroll            ||     6
 Armour: Robe              ||     3
         Ring mail         ||    28
  Dodge: Dodged            ||    49

Table legend:
 A = Non-vault XP
 B = Vault XP
 C = Vault XP percentage of total XP
 D = Non-vault monster count
 E = Vault monster count
 F = Vault count percentage of total count
                 A         B        C        D         E       F
            +---------+---------+-------+---------+---------+-------
      Total |      84 |       0 |   0.0 |      29 |       0 |   0.0
            +---------+---------+-------+---------+---------+-------
        D:1 |      22 |       0 |   0.0 |      13 |       0 |   0.0
        D:2 |      62 |       0 |   0.0 |      16 |       0 |   0.0
            +---------+---------+-------+---------+---------+-------
